 Dungeon Crawl Stone Soup version bcrawl-1.12-10-g10a67aac0f (webtiles) character file.

Game seed: 7095777488885806515

43521 Gumption the Zephyrmancer (level 14, 0/80 HPs)
             Began as an Avariel Air Elementalist on June 13, 2019.
             Was a Priest of Sif Muna.
             Killed from afar by a catoblepas (11 damage)
             ... with a blast of calcifying dust
             ... in a Gauntlet on June 15, 2019.
             The game lasted 03:30:39 (27799 turns).

Gumption the Zephyrmancer (AvAE)                   Turns: 27799, Time: 03:30:39

Health: 0/80       AC: 11    Str: 10    XL:     14   Next: 24%
Magic:  18/28      EV: 26    Int: 27    God:    Sif Muna [***...]
Gold:   1399       SH: 11    Dex: 20    Spells: 5/30 levels left

rFire    + . .     SeeInvis .   a - +1 dagger
rCold    + . .     Gourm    .   o - +0 shield
rNeg     . . .     Faith    .   N - +3 leather armour {rF+}
rPois    +         Spirit   .   E - +1 helmet
rElec    +         Reflect  .   c - +0 cloak
rCorr    .         Harm     .   w - +1 pair of gloves
MR       +++..     NoTele   +   (no boots)
Stlth    ++++......             J - amulet "Telitze" {rF+ MR+ Regen+ Str+4}
HPRegen  0.63/turn              n - ring of protection from magic
MPRegen  0.21/turn              A - ring of Elotwa Seuh {rElec rPois rF- rC+ Dex+2}

@: agile, flying quickly and evasively, divine energy, quick
A: able to fly
a: Stop Flying, Stop Divine Energy, Channel Magic, Renounce Religion


You were in a Gauntlet.
You worshipped Sif Muna.
Sif Muna was most pleased with you.
You were not hungry.

You visited 3 branches of the dungeon, and saw 17 of its levels.
You also visited: Gauntlet and Volcano.

You collected 1399 gold pieces.

Inventory:

Hand Weapons
 a - a +1 dagger (weapon)
Missiles
 d - 3410 stones (quivered)
 I - 2 throwing nets {!f}
Armour
 c - a +0 cloak (worn)
 o - a +0 shield (worn)
 w - a +1 pair of gloves (worn)
 z - a +2 robe of magic resistance
 E - a +1 helmet (worn)
 F - a +0 large shield
 N - a +3 leather armour of fire resistance (worn)
Jewellery
 b - the amulet of the Four Winds {rN+ MR+++ Clar}
   (You found it in a Gauntlet)

   [amulet of nothing]

   It protects you from negative energy.
   It affects your resistance to hostile enchantments.
   It protects you against confusion.
 n - a ring of protection from magic (left hand)
 A - the ring of Elotwa Seuh (right hand) {rElec rPois rF- rC+ Dex+2}
   (You found it on level 9 of the Dungeon)

   [ring of dexterity]

   It affects your dexterity (+2).
   It makes you vulnerable to fire.
   It protects you from cold.
   It insulates you from electricity.
   It protects you from poison.
 C - an uncursed ring of protection from cold
 D - an uncursed ring of see invisible
 J - the amulet "Telitze" (around neck) {rF+ MR+ Regen+ Str+4}
   (You found it on level 10 of the Dungeon)

   [amulet of regeneration]

   It affects your strength (+4).
   It protects you from fire.
   It affects your resistance to hostile enchantments.
   It increases your rate of regeneration.
 L - an uncursed amulet of the acrobat {unknown}
Wands
 l - a wand of acid (7)
 m - a wand of paralysis (28)
 v - a wand of enslavement (5)
 Q - a wand of flame (21)
Scrolls
 f - 9 scrolls of teleportation
 i - 4 scrolls of magic mapping
 k - a scroll of vulnerability {unknown}
 s - 4 scrolls of fog
 x - 2 scrolls of enchant armour
 y - 6 scrolls of remove curse
 H - 2 scrolls of blinking
 K - a scroll of enchant weapon
 M - a scroll of fear {unknown}
Potions
 h - 5 potions of agility
 j - 4 potions of resistance
 p - 4 potions of ambrosia
 q - a potion of magic
 r - 5 potions of curing
 t - 2 potions of might
 u - 4 potions of mutation
 B - a potion of lignification
 G - 2 potions of cancellation
 O - a potion of invisibility
Miscellaneous
 R - a fan of gales
Comestibles
 e - 25 rations {!d}


   Skills:
 + Level 6.9 Fighting
 + Level 7.8 Dodging
 - Level 5.0 Stealth
 * Level 9.8 Shields
 + Level 8.7 Spellcasting
 + Level 7.2 Conjurations
 * Level 9.2 Hexes
 * Level 9.2 Summonings
 - Level 4.0 Ice Magic
 * Level 12.9 Air Magic


You had 5 spell levels left.
You knew the following spells:

 Your Spells              Type           Power        Failure   Level  Hunger
a - Shock                 Conj/Air       ####         1%          1    None
b - Swiftness             Chrm/Air       #####...     1%          2    None
c - Airstrike             Air            ######....   1%          4    #......
d - Freeze                Ice            ####         2%          1    None
e - Summon Mana Viper     Hex/Summ       ######..     9%          5    ####...
f - Conjure Ball Lightni  Conj/Air       ######....   32%         6    ######.
g - Apportation           Tloc           ##....       13%         1    None
h - Summon Lightning Spi  Summ/Air       ######..     3%          5    ####...

Your spell library contained the following spells:

 Spells                   Type           Power        Failure   Level  Hunger
 Corona                   Hex            ######.      1%          1    None
 Magic Dart               Conj           ####         1%          1    None
 Slow                     Hex            ######..     1%          1    None
 Summon Butterflies       Summ           ######..     1%          1    None
 Summon Small Mammal      Summ           ####         1%          1    None
 Call Imp                 Summ           ######..     1%          2    None
 Ensorcelled Hibernation  Hex/Ice        #####.       1%          2    None
 Shackle                  Hex            ######..     1%          2    None
 Throw Frost              Conj/Ice       #####.       1%          2    None
 Call Canine Familiar     Summ           ######..     1%          3    None
 Confuse                  Hex            ######..     1%          3    None
 Dazzling Spray           Conj/Hex       ######       1%          3    None
 False Image              Hex/Summ       ######..     1%          3    None
 Iskenderun's Mystic Bla  Conj           ######..     1%          3    None
 Static Discharge         Conj/Air       ######..     1%          3    None
 Flame Tongue             Conj/Fire      ####.        3%          1    None
 Cause Fear               Hex            ######....   3%          4    #......
 Silence                  Hex/Air        ######....   4%          5    ####...
 Inner Flame              Hex/Fire       N/A          6%          3    None
 Recall                   Summ/Tloc      N/A          6%          3    None
 Lightning Bolt           Conj/Air       ######....   6%          5    ####...
 Stone Arrow              Conj/Erth      ####..       9%          3    None
 Summon Ice Beast         Ice/Summ       #####...     9%          4    #......
 Aura of Abjuration       Summ           ######....   9%          5    ####...
 Summon Demon             Summ           ######....   9%          5    ####...
 Infusion                 Chrm           ##......     13%         1    None
 Sandblast                Erth           ##....       13%         1    None
 Throw Icicle             Conj/Ice       #####...     13%         4    #......
 Ozocubu's Armour         Chrm/Ice       ###.....     17%         3    None
 Yara's Violent Unravell  Hex/Tmut       #####.....   21%         4    #......
 Metabolic Englaciation   Hex/Ice        #####.....   24%         5    ####...
 Summon Forest            Summ/Tloc      #####.....   50%         5    ####...
 Fireball                 Conj/Fire      ####......   63%         5    ####...
 Petrify                  Tmut/Erth      ##......     78%         4    #......
 Bolt of Magma            Conj/Fire/Erth ###.......   80%         5    ####...
 Piercing Shot            Chrm           ##........   98%         5    ####...
 Darkness                 Hex            ######....   43%         6    ######.
 Shadow Creatures         Summ           N/A          43%         6    ######.
 Freezing Cloud           Conj/Ice/Air   ######....   58%         6    ######.
 Deflect Missiles         Chrm/Air       #####.....   82%         6    ######.
 Spellforged Servitor     Conj/Summ      ######....   98%         7    #######
 Bolt of Fire             Conj/Fire      ####......   99%         6    ######.
 Iron Shot                Conj/Erth      ####......   99%         6    ######.
 Poison Arrow             Conj/Pois      ####......   99%         6    ######.
 Orb of Destruction       Conj           ######....   99%         7    #######
 Borgnjor's Vile Clutch   Necr/Erth      ##........   100%        6    ######.
 Discord                  Hex            ######....   100%        8    #######
 Dragon's Call            Summ           ######....   100%        9    #######


Dungeon Overview and Level Annotations

Branches:
Dungeon (10/12)            Temple (1/1) D:5            Lair (6/6) D:9
 Shoals (0/3) Lair:4        Snake (0/3) Lair:4        Slime (0/5) Lair:6
    Orc: D:8-11

Altars:
Ashenzari
Cheibriados
Dithmenos
Elyvilon
Fedhas
Gozag
Hepliaklqana
Kikubaaqudgha
Lugonu
Makhleb
Nemelex Xobeh
Okawaru
Qazlal
Ru
Sif Muna
Trog
Uskayaw
Vehumet
Wu Jian
Xom
Yredelemnul
Zin
The Shining One

Shops:
D:4 *

Annotations:
Lair:4 3 runed translucent doors, yrara's ghost, journeyman DsFi
Lair:6 Sonja Gauntlet 5 transporters


Innate Abilities, Weirdness & Mutations

You can fly continuously.


Message History

Aiming: Summon Lightning Spire (safe; 3% risk of failure)
Press: ? - help, Dir - move target cursor, p - catoblepas An electric hum fills the air.
You block the catoblepas's attack. You block the gargoyle's attack.
Your lightning spire shoots out a bolt of lightning at the molten gargoyle!
The bolt of electricity hits the catoblepas.
The bolt of electricity hits the molten gargoyle.
The molten gargoyle resists.
The gargoyle hits your lightning spire with a +0 mace.
The molten gargoyle blasts magma at you!
The bolt of magma hits you! You partially resist.
The catoblepas breathes a plume of calcifying dust at you.
The blast of calcifying dust hits you!
The molten gargoyle blasts magma at you!
The bolt of magma hits you! You partially resist.
* * * LOW HITPOINT WARNING * * *
You feel agile all of a sudden.
The catoblepas breathes a plume of calcifying dust at you.
The blast of calcifying dust hits you!
You die...

#........#.....#.#.....#..
#..###########.#.#.#######
#..#.........#.#.#.#......
#..#.........#.#.#.#.....P
####..#|........#.#.#.#.P#P.P
#..#..#.........#!#.#.#..PP..
#.©#..#©...©....#©#.#©#©...©.
#..#..#....9....###.###).P...
#..#..#...9Y@...#.....#..#P.P
.....#..#...§§§§§§#.....#..PP.P
.##..#..#..8......#.....#......
#. #..###########.....#######
#8........................
#⌠..............⌠.......∩.
#8........................ #.
#..###########.....#######
.##..#..#!...≈sS..#.....#......


You could see a catoblepas, a molten gargoyle, a gargoyle and a friendly
lightning spire.

Vanquished Creatures
  An anaconda (Lair:5)
  Urug (Lair:5)
  A soul eater (Gauntlet)
  A hell knight (Volcano)
  A wolf spider zombie (D:9)
  3 centaur zombies (D:10)
  Maurice (D:9)
  A centaur skeleton (D:5)
  A black mamba (Lair:3)
  6 cane toads
  A yaktaur (Volcano)
  3 rime drakes
  4 komodo dragons
  An ice devil (Gauntlet)
  3 trolls
  A polar bear (Lair:4)
  A hornet (D:9)
  A blink frog (Lair:4)
  3 hippogriffs
  A spriggan (D:10)
  A vampire (D:8)
  21 yaks
  Sigmund (D:5)
  A basilisk (Lair:1)
  A hungry ghost (D:6)
  A naga (Lair:4)
  8 water moccasins
  2 orc warriors
  7 porcupines
  2 sky beasts (D:10)
  4 ogres
  3 phantoms
  5 centaurs
  A wolf (Lair:6)
  9 crocodiles
  A big kobold (D:8)
  8 bullfrogs
  A gnoll sergeant (D:6)
  A water moccasin skeleton (D:9)
  3 scorpions
  12 killer bees
  A howler monkey (D:7)
  2 vampire bats (D:7)
  11 crimson imps
  2 quasits
  3 orc priests
  A bullfrog skeleton (D:8)
  2 hounds
  4 worker ants
  5 iguanas
  9 orc wizards
  A killer bee zombie (D:6)
  13 adders
  4 gnolls (D:6)
  3 shadow imps
  13 white imps
  2 adder skeletons
  3 worms
  4 dart slugs
  7 leopard geckos
  32 orcs
  4 bat skeletons (D:7)
  A bat zombie (D:7)
  3 giant cockroaches
  3 goblins
  8 hobgoblins
  18 jackals
  3 ball pythons
  5 bats
  6 frilled lizards
  A jackal skeleton (D:6)
  8 kobolds
  2 leopard gecko skeletons
  2 rats (D:2)
  A fungus (Lair:5)
316 creatures vanquished.

Vanquished Creatures (collateral kills)
  A hydra (Lair:4)
  A centaur warrior (Volcano)
  A catoblepas (Lair:6)
  6 elephants (Lair:4)
  A black mamba (Lair:5)
  A torpor snail (Lair:3)
  6 cane toads (Lair:4)
  2 komodo dragons
  A yaktaur (Volcano)
  A polar bear (Lair:5)
  4 blink frogs
  2 hippogriffs
  A wyvern (Lair:3)
  14 yaks
  3 nagas
  3 water moccasins
  A porcupine (Lair:3)
  2 centaurs (Volcano)
  3 wolves
  2 crocodiles
  A bullfrog (Lair:5)
  4 shadow imps (Gauntlet)
  A white imp (Gauntlet)
62 creatures vanquished.

Vanquished Creatures (others)
  10 fungi
  9 plants
19 creatures vanquished.

Grand Total: 397 creatures vanquished

Notes
Turn   | Place    | Note
-------+----------+-------------------------------------------
     0 | D:1      | Gumption the Avariel Air Elementalist began the quest for
                  | the Orb.
     0 | D:1      | Reached XP level 1. HP: 10/10 MP: 6/6
   170 | D:1      | Reached XP level 2. HP: 7/15 MP: 0/7
   654 | D:2      | Learned a level 2 spell: Swiftness
   909 | D:2      | Reached XP level 3. HP: 19/19 MP: 7/9
  1358 | D:2      | Reached XP level 4. HP: 9/24 MP: 4/10
  1794 | D:2      | Found a glowing golden altar of the Shining One.
  1909 | D:2      | Found a burning altar of Makhleb.
  1911 | D:2      | Found a deep blue altar of Sif Muna.
  2068 | D:2      | Became a worshipper of Sif Muna the Loreminder
  2082 | D:2      | Learned a level 4 spell: Airstrike
  2144 | D:3      | Found a white marble altar of Elyvilon.
  2187 | D:3      | Reached skill level 1 in Shields
  2192 | D:3      | Reached skill level 5 in Air Magic
  2193 | D:3      | Reached XP level 5. HP: 28/28 MP: 3/12
  2411 | D:3      | Found a faded altar of an unknown god.
  2516 | D:3      | Found an ornate altar of the Wu Jian Council.
  3140 | D:3      | Reached XP level 6. HP: 22/32 MP: 6/13
  3548 | D:4      | Reached * piety under Sif Muna
  3621 | D:4      | Noticed a phantom
  3731 | D:4      | Found Wutros's General Store.
  4047 | D:4      | Killed a phantom
  4047 | D:4      | Identified Sif Muna's Handbook of the Freezing Blaze (Sif
                  | Muna gifted it to you on level 4 of the Dungeon)
  4047 | D:4      | Received a gift from Sif Muna
  4047 | D:4      | Reached skill level 6 in Air Magic
  4053 | D:4      | Learned a level 1 spell: Freeze
  4120 | D:4      | Reached XP level 7. HP: 29/36 MP: 6/15
  4384 | D:4      | Found a shadowy altar of Dithmenos.
  4406 | D:4      | Reached skill level 1 in Ice Magic
  4426 | D:5      | Entered Level 5 of the Dungeon
  4427 | D:5      | Noticed Sigmund
  4945 | D:5      | HP: 1/36 [something/magic dart (8)]
  4982 | D:4      | Reached skill level 7 in Air Magic
  5145 | D:5      | Killed Sigmund
  5145 | D:5      | Reached XP level 8. HP: 41/41 MP: 2/16
  5733 | D:5      | HP: 1/41 [centaur warrior skeleton (3)]
  5769 | D:5      | HP: 2/41 [centaur warrior skeleton (8)]
  6495 | D:5      | Reached skill level 5 in Spellcasting
  6560 | D:5      | Reached skill level 8 in Air Magic
  6802 | D:5      | Found a staircase to the Ecumenical Temple.
  6808 | Temple   | Entered the Ecumenical Temple
  7647 | D:6      | Gained mutation: You can fly continuously. [Avariel growth]
  7647 | D:6      | Reached XP level 9. HP: 46/46 MP: 5/18
  7698 | D:6      | Reached skill level 1 in Fighting
  7908 | D:6      | Found a hide-covered altar of Uskayaw.
  8590 | D:6      | Learned a level 5 spell: Summon Mana Viper
  8612 | D:6      | Reached skill level 5 in Stealth
  8906 | D:6      | Reached skill level 1 in Hexes
  8933 | D:6      | Reached ** piety under Sif Muna
  9248 | D:6      | Reached skill level 5 in Dodging
  9248 | D:6      | Reached skill level 5 in Shields
  9248 | D:6      | Reached skill level 1 in Summonings
  9541 | D:7      | Identified Sif Muna's Volume of Arcane Weapons (Sif Muna
                  | gifted it to you on level 7 of the Dungeon)
  9541 | D:7      | Received a gift from Sif Muna
  9541 | D:7      | Reached skill level 9 in Air Magic
  9553 | D:7      | Learned a level 6 spell: Conjure Ball Lightning
  9554 | D:7      | Found an ancient bone altar of Kikubaaqudgha.
 10077 | D:7      | Noticed a troll
 10092 | D:7      | Killed a troll
 10601 | D:6      | Reached XP level 10. HP: 53/53 MP: 14/21
 10691 | D:7      | Found a shattered altar of Ashenzari.
 10797 | D:7      | Found a radiant altar of Vehumet.
 10905 | D:7      | Found a shimmering altar of Xom.
 12440 | D:8      | Found a bloodstained altar of Trog.
 12563 | D:8      | Learned a level 1 spell: Apportation
 13244 | D:9      | Reached skill level 10 in Air Magic
 13247 | D:9      | Noticed Maurice
 13281 | D:9      | Received a gift from Sif Muna
 13312 | D:9      | Killed Maurice
 13497 | D:9      | HP: 1/54 [wolf spider zombie (3)]
 14180 | D:9      | Reached skill level 5 in Hexes
 14342 | D:9      | Reached skill level 5 in Summonings
 14450 | D:9      | Got a glittering lead ring
 14469 | D:9      | Reached skill level 5 in Conjurations
 14469 | D:9      | Reached XP level 11. HP: 60/60 MP: 10/23
 14509 | D:9      | Found a hazy altar of Hepliaklqana.
 15288 | D:9      | Found a staircase to the Lair.
 15369 | D:10     | Entered Level 10 of the Dungeon
 15880 | D:10     | Got a pitted ruby amulet
 15892 | D:10     | Identified the amulet "Telitze" {rF+ MR+ Regen+ Str+4} (You
                  | found it on level 10 of the Dungeon)
 15896 | D:10     | Identified the ring of Elotwa Seuh {rElec rPois rF- rC+
                  | Dex+2} (You found it on level 9 of the Dungeon)
 16317 | D:10     | Noticed a death knight
 16770 | Lair:1   | Entered Level 1 of the Lair of Beasts
 16790 | Lair:1   | Reached skill level 11 in Air Magic
 17221 | Lair:1   | Reached *** piety under Sif Muna
 17448 | Lair:1   | Identified Sif Muna's Guide on Supportive Conjuration (Sif
                  | Muna gifted it to you on level 1 of the Lair of Beasts)
 17448 | Lair:1   | Received a gift from Sif Muna
 18370 | Lair:1   | Learned a level 5 spell: Summon Lightning Spire
 18529 | Lair:2   | Found a frozen archway.
 18538 | Lair:2   | HP: 2/60 [yak (8)]
 20258 | Lair:3   | Reached XP level 12. HP: 56/66 MP: 3/25
 21683 | Lair:3   | Received a gift from Sif Muna
 22203 | Lair:3   | Found a runed door.
 22329 | Lair:3   | Noticed a seven-headed hydra
 22677 | Lair:4   | Reached skill level 12 in Air Magic
 23000 | Lair:4   | Found a dark tunnel.
 23011 | Volcano  | Entered a volcano
 23175 | Volcano  | Noticed a centaur warrior
 23184 | Volcano  | Killed a centaur warrior
 23695 | Lair:4   | Found a runed translucent gate.
 23696 | Lair:4   | Found a runed translucent gate.
 23697 | Lair:4   | Found a runed translucent gate.
 23699 | Lair:4   | Noticed yrara's ghost (journeyman DsFi)
 24127 | Lair:4   | Found a staircase to the Snake Pit.
 24140 | Lair:4   | Noticed a four-headed hydra
 24150 | Lair:4   | Killed a four-headed hydra
 24395 | Lair:4   | Found a staircase to the Shoals.
 25376 | Lair:5   | Noticed an anaconda
 25382 | Lair:5   | Killed an anaconda
 25382 | Lair:5   | Reached skill level 5 in Fighting
 25382 | Lair:5   | Reached XP level 13. HP: 72/72 MP: 15/27
 25730 | Lair:5   | Noticed Urug
 25738 | Lair:5   | Killed Urug
 26089 | Lair:6   | Entered Level 6 of the Lair of Beasts
 26304 | Lair:6   | Reached **** piety under Sif Muna
 26304 | Lair:6   | Identified Sif Muna's Compendium of Conjuration (Sif Muna
                  | gifted it to you on level 6 of the Lair of Beasts)
 26304 | Lair:6   | Received a gift from Sif Muna
 26551 | Lair:6   | Found a gate leading to a gauntlet.
 26603 | Lair:6   | Noticed Sonja
 26681 | Gauntlet | Entered a Gauntlet
 26681 | Gauntlet | Found a transporter.
 26681 | Gauntlet | Found a transporter.
 26884 | Gauntlet | Found a transporter.
 26885 | Gauntlet | Noticed a reaper
 26890 | Gauntlet | Found a transporter.
 26906 | Gauntlet | Found a transporter.
 26928 | Gauntlet | Found a transporter.
 26930 | Gauntlet | Found the amulet of the Four Winds {rN+ MR+++ Clar}
 26946 | Gauntlet | Found a transporter.
 26948 | Gauntlet | Found a transporter.
 26965 | Gauntlet | Found a transporter.
 26984 | Gauntlet | Found a transporter.
 27772 | Gauntlet | Reached XP level 14. HP: 80/80 MP: 28/28
 27799 | Gauntlet | Killed from afar by a catoblepas

Skill      XL: |  1  2  3  4  5  6  7  8  9 10 11 12 13 |
---------------+----------------------------------------+-----
Conjurations   | 2 3 5 6 7 |  7.2
Spellcasting   | 3 4 5 6 7 8 |  8.7
Shields        | 1 2 3 4 5 6 7 8 9 |  9.8
Air Magic      | 5 6 7 8 9 10 11 12 | 12.9
Dodging        | 3 4 5 6 7 |  7.8
Stealth        | 3 4 5 |  5.0
Ice Magic      | 2 3 4 |  4.0
Fighting       | 2 3 4 5 6 |  6.9
Hexes          | 3 5 7 8 9 |  9.2
Summonings     | 3 5 7 8 9 |  9.2

Action                   |  1- 3 |  4- 6 |  7- 9 | 10-12 | 13-15 || total
-------------------------+-------+-------+-------+-------+-------++-------
Melee: Hand axe          |    16 |       |       |       |       ||    16
       Dagger            |       |     1 |     8 |    20 |    56 ||    85
 Cast: Shock             |    65 |   125 |   163 |   202 |    26 ||   581
       Swiftness         |       |     2 |     2 |     1 |       ||     5
       Airstrike         |       |       |    77 |   286 |    26 ||   389
       Freeze            |       |       |    13 |     3 |       ||    16
       Summon Lightning  |       |       |       |    50 |    18 ||    68
Invok: Divine Energy     |       |       |     1 |       |       ||     1
 Abil: Fly               |       |       |       |     1 |       ||     1
  Use: Scroll            |     3 |     4 |     7 |    11 |     3 ||    28
       Potion            |       |       |     2 |       |     2 ||     4
 Stab: Sleeping          |       |       |       |     1 |       ||     1
  Eat: Chunk             |    11 |    13 |    29 |    46 |     3 ||   102
       Ration            |       |       |       |     6 |     2 ||     8
Armor: Robe              |     1 |     2 |    30 |    39 |       ||    72
       Leather armour    |       |       |       |     2 |    19 ||    21
Dodge: Dodged            |    20 |    14 |    63 |   115 |    40 ||   252
Block: Shield            |       |       |    32 |    85 |    38 ||   155
